AoeStats
← Bibi-7711

Arabia

508082195Analyzed
1v1 RM · 12d ago on Sep 20, 2026· 61m 9s· 2 players
Game mode
Random Map
Map size
Tiny (2 player)
Population
200
Speed
Normal
Resources
Standard
Victory
Conquest
Starting age
Dark Age
Ending age
Imperial Age
RankedLock teamsTeams togetherTeam positionsShared explorationLock speedFull tech treeHidden civsTurbo modeCheats
Victory
Defeat
🇮🇹 Franks · Italy
477
+20
🇧🇪 Bohemians · Belgium
564
-39
Bibi-7711
11:37 Feudal Age
16:57 Double-Bit Axe
26:53 Forging
27:31 Fletching
27:42 Padded Archer Armor
27:16 Man-at-Arms
52:44 Wheelbarrow
ACEvril CLUTCHvigne
5:48 Loom
11:30 Feudal Age
12:55 Wheelbarrow
12:08 Double-Bit Axe
13:09 Gold Mining
13:22 Stone Mining
14:46 Man-at-Arms
24:45 Castle Age
24:18 Forging
24:14 Scale Barding Armor
27:25 Gold Shaft Mining
27:43 Bow Saw
29:51 Hand Cart
30:17 Husbandry
31:58 Iron Casting
35:53 Chain Barding Armor
37:01 Town Watch
38:51 #83
38:47 Murder Holes
38:44 Guard Tower
45:16 Imperial Age
45:17 Cavalier
46:40 Chivalry
47:01 Conscription
49:05 Plate Barding Armor
49:31 Blast Furnace
50:18 Elite Throwing Axeman
55:29 Spies/Treason
56:29 Light Cavalry
56:30 Paladin
57:50 Town Patrol
58:49 Ballistics
59:30 Chemistry
58:15 Arrowslits
58:41 Fortified Wall
58:42 Masonry
61:56 Hoardings
Connection lost

Rejoining the realm…

Still unreachable

The connection could not be restored.

Session expired

The server has moved on; the page needs a fresh start.